 Dungeon Crawl Stone Soup version 0.31-a0-232-gb1c03b2570 (webtiles) character file.

Game seed: 2416913511794156702

216 qw the Shooter (level 5, -2/31 HPs)
             Began as a Gargoyle Hexslinger on July 7, 2023.
             Slain by a black bear (4 damage)
             ... on level 4 of the Dungeon.
             The game lasted 00:01:09 (2570 turns).

qw the Shooter (Gargoyle Hexslinger)                Turns: 2570, Time: 00:01:10

Health: -2/31      AC: 11    Str: 12    XL:     5   Next: 93%
Magic:  0/6        EV: 11    Int:  8    God:
Gold:   879        SH:  0    Dex: 20    Spells: 5/6 levels left

rFire   . . .        Y - +1 sling
rCold   + + +        (no shield)
rNeg    + . .        e - +0 ring mail
rPois   inf          (no helmet)
rElec   +            j - +1 cloak "Touh" {Rampage rC+++ Int-5 SInv}
rCorr   .            (no gloves)
SInv    +            (no boots)
Will    .....        h - amulet of guardian spirit
Stlth   +            g - +6 ring of dexterity
HPRegen 0.25/turn    (no ring)
MPRegen 0.10/turn

%: guardian spirit, rampage
@: no status effects
A: sickness immunity, AC +4, negative energy resistance 1, electricity
resistance, torment resistance 1, petrification resistance
a: no special abilities


You were on level 4 of the Dungeon.
You visited 1 branch of the dungeon, and saw 4 of its levels.

You collected 879 gold pieces.


Innate Abilities, Weirdness & Mutations

You are immune to sickness and miasma.
Your stone body is resilient. (AC +4)
You are immune to poison.
You resist negative energy. (rN+)
You are resistant to electric shocks. (rElec)
You are resistant to unholy torment.
You are immune to petrification.


   Skills:
 + Level 2.5 Fighting
 - Level 5.1 Ranged Weapons
 - Level 1.8 Armour
 - Level 1.5 Dodging
 - Level 1.0 Spellcasting
 - Level 2.6 Hexes


You had 5 spell levels left.
You knew the following spells:

 Your Spells              Type           Power      Damage    Failure   Level
a - Slow                  Hex            16%        N/A       28%         1

Your spell library contained the following spells:

 Spells                   Type           Power      Damage    Failure   Level
 Inner Flame              Hex/Fire       2%         N/A       83%         3
 Portal Projectile        Hex/Tloc       4%         N/A       83%         3
 Cause Fear               Hex            2%         N/A       96%         4

Inventory:

Hand Weapons
 Y - a +1 sling (weapon)
Armour
 e - a +0 ring mail (worn)
 j - the +1 cloak "Touh" (worn) {Rampage rC+++ Int-5 SInv}
   (You acquired it on level 3 of the Dungeon)

   Int:       It affects your intelligence (-5).
   rC:        It renders you almost immune to cold.
   SInv:      It lets you see invisible.
   Rampage:   It bestows one free step when moving towards enemies.
Jewellery
 g - a +6 ring of dexterity (left hand)
 h - an amulet of guardian spirit (around neck)
Scrolls
 d - a scroll of torment {unknown}
Potions
 a - a potion of magic {unknown}
 b - a potion of mutation {unknown}
 c - a potion of heal wounds {unknown}
 f - 2 potions of curing
 i - a potion of haste {unknown}
 k - a potion of might {unknown}
 m - a potion of ambrosia {unknown}

Dungeon Overview and Level Annotations

Branches:
Dungeon (4/15)
 Temple: D:4-7

Altars:


Message History

You shoot a sling bullet. The sling bullet hits the black bear.
The black bear is almost dead.
The hobgoblin barely misses you.
The black bear goes berserk!
You shoot a sling bullet.
The sling bullet closely misses the black bear.
The black bear barely misses you. The black bear closely misses you. x2
The hobgoblin hits you but does no damage.
The black bear bites you but does no damage.
The black bear claws you.
The black bear claws you but does no damage.
You shoot a sling bullet. The sling bullet hits the black bear.
The black bear is almost dead.
The black bear closely misses you.
The black bear claws you but does no damage. x2
The black bear barely misses you. The black bear claws you. x2
You shoot a sling bullet.
The sling bullet barely misses the black bear.
The goblin barely misses you.
The hobgoblin hits you but does no damage.
The black bear bites you but does no damage.
The black bear claws you but does no damage. x2
The hobgoblin hits you but does no damage.
The goblin hits you but does no damage.
The black bear bites you but does no damage.
The black bear claws you but does no damage.
The black bear claws you.
You shoot a sling bullet.
The sling bullet closely misses the black bear.
The black bear bites you. The black bear claws you. x2
The hobgoblin hits you but does no damage.
The goblin hits you but does no damage.
The black bear bites you but does no damage.
The black bear closely misses you.
The black bear claws you but does no damage.
You shoot a sling bullet. The sling bullet hits the black bear.
The black bear is almost dead.
The black bear bites you.
The black bear claws you but does no damage.
The black bear claws you.
You die...

#$ #) . #.. .. #..
7..#..##############
............##.....#
#....hg...<..###.#
#..g@....#..###.##
#####)..##...##..####
#.......#...)....#
#######......######.##..
........................
#####........######.####
#.....#.......#..#
#.....#######.##)#
#.....# #....#


You could see a black bear (berserk), a hobgoblin and a goblin.

Vanquished Creatures
  A scorpion (D:3)
  A hound (D:4)
  A sleepcap (D:3)
  3 adders (D:2)
  A worm (D:4)
  2 dart slugs
  4 orcs
  6 endoplasms
  A giant cockroach (D:2)
  7 goblins
  A hobgoblin (D:1)
  9 jackals
  9 kobolds
  3 quokkas (D:1)
  6 ball pythons
  3 bats
  2 frilled lizards
  4 rats
64 creatures vanquished.

Notes
Turn   | Place    | Note
-------+----------+-------------------------------------------
     0 | D:1      | qw the Gargoyle Hexslinger began the quest for the Orb.
     0 | D:1      | Reached XP level 1. HP: 12/12 MP: 2/2
     0 | D:1      | 0 ||| qw: Version: 0.3-a-46-gb1f654a
     0 | D:1      | 0 ||| qw: Game counter: 2482
     0 | D:1      | 0 ||| qw: Melee chars always use a shield: true
     0 | D:1      | 0 ||| qw: God list: Okawaru
     0 | D:1      | 0 ||| qw: Allow faded altars: false
     0 | D:1      | 0 ||| qw: Do Orc after clearing Dungeon:15 true
     0 | D:1      | 0 ||| qw: Do second Lair branch before Depths: true
     0 | D:1      | 0 ||| qw: Lair rune preference: random
     0 | D:1      | 0 ||| qw: Goals: Normal
     0 | D:1      | 0 ||| PLANNING D:1-11
   117 | D:1      | Reached XP level 2. HP: 12/16 MP: 3/3
   121 | D:1      | 121 ||| FLEEEEING.
   122 | D:1      | 122 ||| FLEEEEING.
   239 | D:1      | Reached skill level 3 in Ranged Weapons
   418 | D:1      | You fall into a shaft and drop 1 floor!
   538 | D:2      | Reached XP level 3. HP: 11/21 MP: 4/4
   713 | D:2      | 713 ||| UPGRADING to +0 leather armour.
   723 | D:2      | 723 ||| DROPPING +0 robe.
   724 | D:2      | 724 ||| UPGRADING to amulet of guardian spirit.
   729 | D:2      | 729 ||| UPGRADING to +6 ring of dexterity.
   730 | D:2      | 730 ||| READING scroll labelled OLIUSE MUFRIDA.
   731 | D:2      | 731 ||| READING scroll labelled FACLITITET.
   732 | D:2      | 732 ||| DROPPING scroll of poison.
   736 | D:2      | 736 ||| STAIRDANCE
  1090 | D:1      | 1090 ||| READING scroll labelled WIS DUOMOS MOYPO.
  1227 | D:2      | 1227 ||| FLEEEEING.
  1229 | D:2      | 1229 ||| FLEEEEING.
  1230 | D:2      | 1230 ||| FLEEEEING.
  1232 | D:2      | 1232 ||| FLEEEEING.
  1235 | D:2      | Reached XP level 4. HP: 24/26 MP: 5/5
  1307 | D:2      | Reached skill level 4 in Ranged Weapons
  1657 | D:2      | 1657 ||| READING scroll labelled UDWUOX BUATET.
  1658 | D:2      | 1658 ||| READING scroll labelled BOELAQIVACH.
  1659 | D:2      | 1659 ||| DRINKING 3 fuming red potions.
  1800 | D:3      | Noticed a scorpion
  1805 | D:3      | Killed a scorpion
  1806 | D:3      | Reached XP level 5. HP: 30/30 MP: 6/6
  1895 | D:3      | Reached skill level 5 in Ranged Weapons
  2103 | D:3      | 2103 ||| FLEEEEING.
  2393 | D:3      | 2393 ||| UPGRADING to +0 ring mail.
  2403 | D:3      | 2403 ||| DROPPING +0 leather armour.
  2404 | D:3      | 2404 ||| READING 2 scrolls labelled VURUOLLUSIM.
  2404 | D:3      | Identified 2 scrolls of acquirement
  2404 | D:3      | 2404 ||| ACQUIRING 685 gold pieces
  2404 | D:3      | Acquired 685 gold pieces
  2405 | D:3      | 2405 ||| READING scroll of acquirement.
  2405 | D:3      | 2405 ||| ACQUIRING +1 cloak "Touh" {Rampage rC+++ Int-5
                  | SInv}
  2405 | D:3      | Acquired the +1 cloak "Touh" {Rampage rC+++ Int-5 SInv}
  2407 | D:3      | 2407 ||| UPGRADING to +1 cloak "Touh" {Rampage rC+++ Int-5
                  | SInv}.
  2412 | D:3      | 2412 ||| DRINKING 2 pink potions.
  2413 | D:3      | 2413 ||| DROPPING potion of attraction.
  2553 | D:4      | Reached skill level 1 in Armour
  2554 | D:4      | Noticed a black bear
  2569 | D:4      | HP: 6/31 [black bear (5)]
  2570 | D:4      | HP: 2/31 [black bear (1)]
  2570 | D:4      | Slain by a black bear

Levels and vault maps discovered:
D:1:      dpeg_arrival_leaves_temple_mockup, layout_loops_ring
D:2:      layout_basic, kennysheep_generic_room_9
D:3:      layout_loops_cross, minmay_fountain_box, minivault_11, chequers_garden
D:4:      layout_rooms, zin_treasury, minmay_temple_entry_mini_moons,
          serial_shops, shop, chequers_mini_garden,
          eino_small_chamber_without_monster, uniq_crazy_yiuf_cottage

Skill      XL: |  1  2  3  4  5 |
---------------+----------------+-----
Ranged Weapons | 3 4 5 |  5.1
Fighting       | 2 |  2.5
Armour         | 1 |  1.8
Dodging        | |  1.5
Spellcasting   | |  1.0
Hexes          | |  2.6

Action                     |  1- 3 |  4- 6 || total
---------------------------+-------+-------++-------
   Fire: Sling             |   166 |   118 ||   284
    Use: Scroll            |     3 |     4 ||     7
         Potion            |       |     2 ||     2
 Armour: Robe              |    17 |       ||    17
         Leather armour    |    22 |     7 ||    29
         Ring mail         |       |    46 ||    46
  Dodge: Dodged            |    86 |    60 ||   146

Table legend:
 A = Non-vault XP
 B = Vault XP
 C = Vault XP percentage of total XP
 D = Non-vault monster count
 E = Vault monster count
 F = Vault count percentage of total count
                 A         B        C        D         E       F
            +---------+---------+-------+---------+---------+-------
      Total |     295 |      14 |   4.5 |      62 |       2 |   3.1
            +---------+---------+-------+---------+---------+-------
        D:1 |      41 |       0 |   0.0 |      26 |       0 |   0.0
        D:2 |      56 |      14 |  20.0 |      18 |       2 |  10.0
        D:3 |     136 |       0 |   0.0 |      10 |       0 |   0.0
        D:4 |      62 |       0 |   0.0 |       8 |       0 |   0.0
            +---------+---------+-------+---------+---------+-------
